Map: Efflorescence LE

Players

KosioOOSeven

  • Race: Terran Terran
  • League: Diamond
  • Spawn Location: 3:00

ironlungz

  • Race: Zerg Zerg
  • Spawn Location: 12:00

Massa

  • Race: Terran Terran
  • League: Platinum
  • Spawn Location: 9:00

qqq

  • Race: Protoss Protoss
  • League: Platinum
  • Spawn Location: 6:00

VOD

Have the link to the VOD?

Description

Time

  • Played on: Dec. 17, 2020, 12:30 p.m.
  • Length: 4:27
Show
View Real Time Build Order
Export as new Build Order

KosioOOSeven Terran 

Build Orders:  

Get SALT Encoding   

  12  0:00  SCV  
  13  0:12  SCV  
  14  0:17  Supply Depot  
  14  0:24  SCV  
  15  0:29  Refinery  
  15  0:39  SCV  
  16  0:45  Barracks  
  16  0:51  SCV  
  17  1:05  Barracks  
  17  1:08  SCV  
  18  1:20  SCV  
  19  1:27  Barracks  
  20  1:34  Reaper  
  20  1:42  Orbital Command  
  20  1:53  Refinery  
  20  2:00  Supply Depot  
  20  2:02  Reaper  
  20  2:07  Reaper  
  22  2:14  Reaper  
  23  2:22  SCV  
  24  2:28  Supply Depot  
  24  2:34  SCV, Reaper  
  26  2:39  Reaper  
  27  2:46  SCV  
  27  2:51  Reaper, Supply Depot  
  28  3:25  Reaper  
  28  3:35  Reaper x2  
  28  3:38  SCV  
  30  3:51  Command Center  
Show
View Real Time Build Order
Export as new Build Order

ironlungz Zerg 

Build Orders: Hatch First 

Get SALT Encoding   

  12  0:04  Drone  
  13  0:11  Drone  
  14  0:20  Overlord  
  14  0:39  Drone x3  
  17  0:50  Drone  
  18  1:02  Drone  
  19  1:04  Hatchery  
  18  1:12  Drone  
  19  1:25  Drone  
  20  1:27  Extractor  
  20  1:30  Spawning Pool  
  18  1:33  Drone  
  19  1:53  Overlord  
  19  1:55  Drone  
  20  2:17  Queen x2  
  20  2:19  Zergling x6  
  27  2:31  Zergling x2  
  27  2:32  Zergling x2  
  29  2:42  Metabolic Boost  
  29  2:43  Zergling x4  
  31  2:49  Zergling x2  
  31  2:50  Zergling x2  
  33  2:55  Baneling Nest  
  31  3:31  Zergling x2  
  31  3:32  Zergling x10  
  36  3:40  Overlord x2  
  35  3:59  Zergling x2  
  35  4:00  Zergling x10  
  35  4:02  Baneling x3  
  41  4:03  Baneling x3  
Show
View Real Time Build Order
Export as new Build Order

Massa Terran 

Build Orders:  

Get SALT Encoding   

  12  0:00  SCV  
  13  0:15  SCV  
  13  0:18  Supply Depot  
  14  0:27  SCV  
  15  0:41  Barracks  
  15  0:44  SCV  
  16  0:50  Supply Depot  
  16  0:57  SCV  
  17  1:03  Refinery  
  17  1:09  SCV  
  18  1:13  Barracks  
  18  1:29  Barracks  
  18  1:33  Marine  
  18  1:36  SCV  
  20  1:52  Orbital Command  
  20  1:55  Reaper  
  21  2:02  Supply Depot  
  21  2:04  Marine  
  22  2:15  Barracks Tech Lab  
  22  2:20  SCV  
  23  2:25  Marine, Supply Depot  
  24  2:30  Marine  
  24  2:34  Marine  
  24  2:35  Stimpack  
  26  2:43  Marine  
  27  2:48  Marine  
  28  2:52  Marauder  
  30  3:00  Supply Depot  
  30  3:01  Marine  
  31  3:06  Marine  
  32  3:14  Marauder  
  34  3:30  Marine  
  34  3:31  Marine  
  36  3:35  Marauder  
  38  3:47  Supply Depot  
  38  3:48  Marine x2  
  39  3:56  Marauder  
Show
View Real Time Build Order
Export as new Build Order

qqq Protoss 

Build Orders:  

Get SALT Encoding   

  12  0:01  Probe  
  13  0:14  Pylon  
  13  0:19  Probe  
  14  0:31  Probe (Chrono Boost)  
  16  0:43  Probe (Chrono Boost)  
  16  0:48  Probe (Chrono Boost)  
  17  0:51  Pylon  
  17  0:57  Probe  
  18  1:11  Gateway  
  18  1:14  Gateway  
  18  1:21  Gateway  
  18  1:33  Gateway  
  18  1:56  Nexus  
  18  2:02  Forge  
  18  2:08  Zealot  
  20  2:13  Zealot  
  22  2:25  Zealot  
  24  2:35  Zealot  
  25  2:41  Photon Cannon  
  25  2:48  Photon Cannon  
  25  3:00  Pylon  
  25  3:05  Zealot  
  14  3:44  Probe  
  12  3:58  Probe  
Tags
 
Add a new tag
Caveats
  • Supply blocks, unpowered buildings, or Contaminate may cause inaccurate times.
  • Supply counts are checked every 10 seconds.